 Dungeon Crawl Stone Soup version 0.20.1-1-g8b1a95d (webtiles) character file.

646 Jazqa the Skirmisher (level 7, -2/60 HPs)
             Began as a Barachi Fighter on Oct 30, 2017.
             Slain by Duvessa
             ... wielding a +0 short sword
              (7 damage)
             ... on level 4 of the Dungeon.
             The game lasted 00:04:01 (2611 turns).

Jazqa the Skirmisher (Barachi Fighter)              Turns: 2611, Time: 00:04:01

Health: -2/60      AC:  9    Str: 20    XL:     7   Next: 52%
Magic:  7/7        EV:  7    Int:  8    God:
Gold:   179        SH:  9    Dex: 11    Spells: 6/6 levels left

rFire    . . .     SeeInvis .   v - +1 whip (flame)
rCold    . . .     Gourm    .   c - +0 shield
rNeg     . . .     Faith    .   b - +0 scale mail
rPois    .         Spirit   .   d - +0 helmet
rElec    .         Reflect  .   (no cloak)
rCorr    .         Harm     .   (no gloves)
MR       .....                  o - +0 pair of boots (curse)
Stlth    ..........             (no amulet)
Regen    0.2/turn               (no ring)
MPRegen  0.1/turn               (no ring)

@: slow
A: +LOS, swims, slowness 1, strong legs 1
a: Hop


You were on level 4 of the Dungeon.
You were not hungry.

You visited 1 branch of the dungeon, and saw 4 of its levels.

You collected 179 gold pieces.


Innate Abilities, Weirdness & Mutations

Shadows flee at your approach. (+LOS)
You can swim through water.
You cover ground slowly.
You can hop short distances.


   Skills:
 + Level 7.4 Fighting
 + Level 6.7 Maces & Flails
 - Level 3.6 Armour
 - Level 3.2 Shields


You had 6 spell levels left.
You didn't know any spells.

Inventory:

Hand Weapons
 v - a +1 whip of flaming (weapon)
Armour
 b - a +0 scale mail (worn)
 c - a +0 shield (worn)
 d - a +0 helmet (worn)
 o - a cursed +0 pair of boots (worn)
Jewellery
 C - an uncursed ring of ice
Scrolls
 g - 6 scrolls of identify {unknown}
 h - 2 scrolls of enchant armour {unknown}
 i - a scroll of fog {unknown}
 j - 2 scrolls of immolation {unknown}
 r - a scroll of recharging {unknown}
 s - 2 scrolls of teleportation {unknown}
 t - a scroll of remove curse {unknown}
 u - a scroll of fear {unknown}
Potions
 e - 4 potions of degeneration {unknown}
 k - 2 potions of flight {unknown}
 m - a potion of invisibility {unknown}
 n - a potion of curing {unknown}
 q - a potion of heal wounds {unknown}
Comestibles
 f - 3 bread rations {@e1}
 l - 2 meat rations {@e1}
 p - 2 chunks of flesh

Dungeon Overview and Level Annotations

Branches:
Dungeon (4/15)
 Temple: D:4-7

Altars:

Annotations:
D:4 Duvessa

#........# ......#
####........# ......#
............# ......#
####........# .....)#
............###+###.......#
.......#####..P.P.........#
...................p<....#
#.#############.####.....#
...........)...$@e.[.....#
..##################..$.!#
..# .....# ..# ........ ..#
###..... ..# ..... ### ....
... ..


You could see Duvessa (berserk).


Message History

The freed slave dies!
Duvessa shouts!
Duvessa rages.
You hit Duvessa but do no damage.
Duvessa is lightly wounded.
Duvessa barely misses you.
You hit Duvessa but do no damage.
Duvessa is lightly wounded.
Duvessa hits you with a short sword.
* * * LOW HITPOINT WARNING * * *
Duvessa hits you but does no damage.
You hit Duvessa.
Duvessa is lightly wounded.
You block Duvessa's attack.
You hit Duvessa but do no damage.
Duvessa is lightly wounded.
Duvessa hits you with a short sword.
* * * LOW HITPOINT WARNING * * *
Unknown command.
You hit Duvessa but do no damage.
Duvessa is lightly wounded.
Duvessa hits you with a short sword!
* * * LOW HITPOINT WARNING * * *
You hit Duvessa.
Duvessa is lightly wounded.
You block Duvessa's attack. x2
You hit Duvessa.
Duvessa is moderately wounded.
Duvessa hits you with a short sword!
You die...

Skill      XL: |  1  2  3  4  5 |
---------------+----------------+-----
Fighting       | 4 5 7 |  7.4
Maces & Flails | 3 4 6 |  6.7
Armour         | |  3.6
Shields        | |  3.2

Action                   |  1- 3 |  4- 6 |  7- 9 || total
-------------------------+-------+-------+-------++-------
Melee: Flail             |   146 |   202 |       ||   348
       Whip              |       |       |    11 ||    11
  Use: Potion            |       |     1 |       ||     1
  Eat: Chunk             |     1 |     6 |       ||     7
Armor: Scale mail        |    68 |   103 |     2 ||   173
Dodge: Dodged            |    52 |    42 |     2 ||    96
Block: Shield            |    95 |   104 |     4 ||   203

Vault maps used:
D:1:      minmay_arrival_arboretum_small, minmay_misc_feat_cross,
          minmay_heptomino_w4
D:2:      first_bread
D:4:      cheibrodos_sewer_entry_drain, cheibrodos_gnoll_hut, uniq_pikel,
          uniq_duvessa, uniq_robin

Notes
Turn   | Place    | Note
-------+----------+-------------------------------------------
     0 | D:1      | Jazqa the Barachi Fighter began the quest for the Orb.
     0 | D:1      | Reached XP level 1. HP: 18/18 MP: 1/1
    38 | D:1      | Reached XP level 2. HP: 18/25 MP: 2/2
    47 | D:1      | Reached skill level 4 in Fighting
   377 | D:1      | Reached skill level 3 in Maces & Flails
   386 | D:1      | Reached XP level 3. HP: 23/30 MP: 3/3
  1104 | D:2      | Reached XP level 4. HP: 38/38 MP: 4/4
  1393 | D:2      | Reached skill level 4 in Maces & Flails
  1887 | D:3      | Reached skill level 5 in Fighting
  1937 | D:3      | Reached XP level 5. HP: 44/44 MP: 5/5
  2239 | D:4      | Noticed Robin
  2276 | D:4      | Killed Robin
  2537 | D:4      | Noticed a slave
  2538 | D:4      | Noticed a slave
  2539 | D:4      | Noticed Pikel
  2539 | D:4      | Noticed a slave
  2540 | D:4      | Noticed a slave
  2569 | D:4      | Killed Pikel
  2569 | D:4      | Reached skill level 7 in Fighting
  2569 | D:4      | Reached skill level 6 in Maces & Flails
  2569 | D:4      | Reached XP level 6. HP: 23/55 MP: 6/6
  2569 | D:4      | Reached XP level 7. HP: 25/60 MP: 7/7
  2588 | D:4      | Noticed Dowan
  2593 | D:4      | Noticed Duvessa
  2597 | D:4      | Killed Dowan
  2609 | D:4      | HP: 5/60 [Duvessa/short sword (15)]
  2611 | D:4      | Slain by Duvessa

Vanquished Creatures
  Pikel (D:4)
  Dowan (D:4)
  Robin (D:4)
  3 adders
  3 oozes
  An adder skeleton (D:4)
  2 worms (D:2)
  3 dart slugs (D:1)
  2 leopard geckos (D:2)
  3 orcs (D:3)
  12 bats
  2 giant cockroaches (D:3)
  24 goblins
  13 hobgoblins
  10 kobolds
  A quokka (D:3)
  A ball python (D:4)
  2 frilled lizards
  3 rats
88 creatures vanquished.

Vanquished Creatures (others)
  A slave (D:4)
1 creature vanquished.

Grand Total: 89 creatures vanquished
